 Dungeon Crawl Stone Soup version 0.30-a0-860-g512cf1e979 (webtiles) character file.

Game seed: 2325549417671848584

4253 112233 the Destroyer (level 10, -8/68 HPs)
             Began as an Octopode Conjurer on Mar 7, 2023.
             Was an Initiate of Gozag.
             Mangled by Amaemon
             ... wielding a +1 demon whip of venom
              (17 damage)
             ... on level 9 of the Dungeon.
             The game lasted 00:20:21 (12130 turns).

112233 the Destroyer (Octopode Conjurer)           Turns: 12130, Time: 00:20:21

Health: -8/68      AC:  1    Str:  7    XL:     10   Next: 31%
Magic:  10/21      EV: 20    Int: 30    God:    Gozag
Gold:   164        SH:  5    Dex: 12    Spells: 7/24 levels left

rFire   . . .      SeeInvis .    L - +3 great sword (freeze)
rCold   + + .      Faith    .    (shield currently unavailable)
rNeg    . . .      Spirit   .    (helmet restricted)
rPois   .          Reflect  +    P - amulet of reflection
rElec   .          Rampage  .    i - ring "Buah" {Fly rC+ Dex-5 Slay+4}
rCorr   +                        s - +6 ring of intelligence
Will    +....                    w - ring of protection from cold
Stlth   +++                      v - ring of resist corrosion
HPRegen 0.31/turn                z - +5 ring of evasion
MPRegen 0.17/turn                g - +6 ring of dexterity
                                 M - ring of willpower
                                 (no ring)

@: lethally poisoned (-8 -> -12), flying, very slightly contaminated, slowed,
very slow
A: almost no armour, amphibious, 8 rings, camouflage 1, gelatinous body 1,
(nimble swimmer 1), tentacles
a: Renounce Religion, Potion Petition, Call Merchant, Bribe Branch


You were on level 9 of the Dungeon.
You worshipped Gozag.
Gozag was aware of your devotion.
You visited 2 branches of the dungeon, and saw 12 of its levels.

You collected 1145 gold pieces.
You spent 471 gold pieces at shops.
You paid 510 gold pieces to Gozag.

Inventory:

Hand Weapons
 l - a +0 long sword
 L - a +3 great sword of freezing (weapon)
Armour
 r - a +0 tower shield
Magical Staves
 u - a staff of air
Jewellery
 g - a +6 ring of dexterity (on tentacle)
 i - the ring "Buah" (left tentacle) {Fly rC+ Dex-5 Slay+4}
   (You found it on level 2 of the Dungeon)

   [ring of slaying]

   Dex:       It affects your dexterity (-5).
   Slay:      It affects your accuracy & damage with ranged weapons and melee
   (+4).
   rC:        It protects you from cold.
   Fly:       It grants you flight.
 j - a ring of ice
 s - a +6 ring of intelligence (right tentacle)
 v - a ring of resist corrosion (on tentacle)
 w - a ring of protection from cold (on tentacle)
 z - a +5 ring of evasion (on tentacle)
 M - a ring of willpower (on tentacle)
 P - an amulet of reflection (around mantle)
Wands
 B - a wand of charming (14)
 Q - a wand of mindburst (8)
Scrolls
 c - a scroll of blinking
 d - 2 scrolls of enchant armour
 f - 2 scrolls of silence
 n - a scroll of noise
 p - 3 scrolls of magic mapping
 t - a scroll of torment {unknown}
 x - 2 scrolls of teleportation
 y - a scroll of summoning {unknown}
 A - a scroll of fear {unknown}
 F - 2 scrolls of fog
 H - 4 scrolls of identify
 I - 2 scrolls of amnesia {unknown}
 K - 3 scrolls of enchant weapon {unknown}
 N - 2 scrolls of immolation {unknown}
Potions
 a - a potion of magic
 b - 3 potions of mutation
 e - 3 potions of might
 h - a potion of haste
 k - 3 potions of brilliance
 m - 3 potions of attraction
 o - 9 potions of curing
 q - a potion of lignification {unknown}
 C - 2 potions of flight {unknown}
 D - 2 potions of cancellation
 E - 5 potions of heal wounds
 G - a potion of degeneration
 J - a potion of berserk rage {unknown}
 O - a potion of ambrosia {unknown}


   Skills:
 + Level 6.2 Fighting
 + Level 6.6 Dodging
 - Level 2.8 Stealth
 * Level 7.7 Spellcasting
 * Level 9.2 Conjurations


You had 7 spell levels left.
You knew the following spells:

 Your Spells              Type           Power      Damage    Failure   Level
a - Magic Dart            Conj           100%       1d8       1%          1
b - Searing Ray           Conj           100%       2d8       1%          2
c - Apportation           Tloc           22%        N/A       4%          1
d - Fulminant Prism       Conj/Hex       19%        3d10      7%          4
e - Iskenderun's Mystic   Conj/Tloc      39%        2d9       7%          4
f - Irradiate             Conj/Tmut      19%        3d18      19%         5

Your spell library contained the following spells:

 Spells                   Type           Power      Damage    Failure   Level
 Static Discharge         Conj/Air       78%        2-6/arc   1%          2
 Dazzling Flash           Conj/Hex       78%        N/A       1%          3
 Necrotise                Necr           44%        1d6       4%          1
 Sting                    Tmut/Pois      44%        1d5       4%          1
 Summon Small Mammal      Summ           44%        N/A       4%          1
 Poisonous Vapours        Pois/Air       22%        N/A       7%          2
 Sublimation of Blood     Necr           11%        N/A       7%          2
 Ozocubu's Armour         Ice            11%        N/A       13%         3
 Vhi's Electric Charge    Tloc/Air       22%        N/A       13%         3
 Arcjolt                  Conj/Air       19%        1d29      19%         5
 Lightning Bolt           Conj/Air       19%        1d34      19%         5
 Olgreb's Toxic Radiance  Pois           11%        N/A       41%         4
 Petrify                  Tmut/Erth      11%        N/A       41%         4
 Blade Hands              Tmut           5%         N/A       77%         5
 Metabolic Englaciation   Hex/Ice        5%         N/A       77%         5
 Dragon Form              Tmut           5%         N/A       100%        7
 Simulacrum               Ice/Necr       Unusable   N/A       N/A         6

Dungeon Overview and Level Annotations

Branches:
Dungeon (11/15)            Temple (1/1) D:6            Lair (0/5) D:10
    Orc: D:9-12

Altars:
Cheibriados
Elyvilon
Fedhas
Gozag
Hepliaklqana
Kikubaaqudgha
Makhleb
Okawaru
Qazlal
Ru
Sif Muna
Uskayaw
Xom
Yredelemnul
Zin

Shops:
D:1 !   D:2 ?   D:5 ?   D:7 [

Annotations:
D:3 3 runed translucent doors, IndexError's ghost, novice GnRe
D:4 1 runed translucent door, Crazy Yiuf
D:6 exclusion: downstairs
D:9 Amaemon
D:10 exclusion: upstairs


Innate Abilities, Weirdness & Mutations

You cannot wear most types of armour.
You are amphibious.
You can wear up to eight rings at the same time.
Your skin changes colour to match your surroundings (Stealth+).
Your rubbery body absorbs attacks. (AC +1, EV +1)
((You are camouflaged when in or above water. (Stealth+)))
You have tentacles for arms and can constrict up to eight enemies at once.


Message History

Okay, then.
Casting: Searing Ray (safe; 1% risk of failure)
Confirm with . or Enter, or press ? or * to list all spells.
You erupt in a blast of force!
The mystic blast hits the orange demon!
The orange demon is severely wounded.
The mystic blast hits Amaemon!
Amaemon is heavily wounded.
You feel very sick. Amaemon barely misses you. Amaemon closely misses you.
Amaemon tail-slaps you. You block the orange demon's attack.
Unknown command.
Casting: Iskenderun's Mystic Blast (dangerous; 7% risk of failure)
Confirm with . or Enter, or press ? or * to list all spells.
You erupt in a blast of force!
The mystic blast hits the orange demon!
The orange demon is almost dead.
The orange demon is knocked back by the mystic blast.
The orange demon slams into the rock wall!
The orange demon is almost dead.
The mystic blast hits Amaemon!
Amaemon is severely wounded.
You feel very sick.
The orange demon no longer looks unusually toxic.
Amaemon's tail lashes.
Amaemon mumbles some strange words.
The orange demon barely misses you.
Amaemon hits you with a +1 demon whip of venom!
* * * LOW HITPOINT WARNING * * *
Amaemon claws you!
* * * LOW HITPOINT WARNING * * *
Amaemon misses you.
Casting: Iskenderun's Mystic Blast (dangerous; 7% risk of failure)
Confirm with . or Enter, or press ? or * to list all spells.
You miscast Iskenderun's Mystic Blast.
You are very lightly contaminated with residual magic.
Nothing appears to happen.
You feel very sick. The orange demon closely misses you.
Amaemon hits you with a +1 demon whip of venom!
You die...
Your body crumbles into a pile of gold.

....# #.#.##......###
#.###
###.#....##.###.#######
..#
#.........#.##........#
###
#.#....#..#.###.#####.#
#.#.........# #.# #.#
#.#....#..#.###.# #(#
#.#..#.#.4......# #.#
#.....s##.#.##### ##.#
###>..s6@.#.### #..#
#.#####.....# #.##
#....##.....# ####.###
####.##.....# #......#
#.##<....# #......##
#.##.....# #.......#
#.######## #.......#
#.# #.......# ##.##
####......##


You could see Amaemon, an orange demon and 2 scorpions.

Vanquished Creatures
  A death yak (D:10)
  2 unseen horror zombies (D:9)
  A hornet (D:9)
  Grinder (D:3)
  A shadow (D:10)
  A yak (D:10)
  Eustachio (D:4)
  2 acid dragons
  A water moccasin (D:7)
  An orc warrior (D:7)
  A sky beast (D:7)
  2 centaurs
  A phantom (D:4)
  A bullfrog (D:8)
  A kobold brigand (D:3)
  5 wights (D:8)
  3 killer bees (D:9)
  A howler monkey (D:6)
  2 centaur zombies (D:9)
  5 hounds
  2 jellies
  3 orc priests
  2 sleepcaps
  3 iguanas
  Natasha (thrice) (D:4)
  6 orc wizards
  2 killer bee zombies (D:9)
  3 howler monkey zombies (D:9)
  Robin (D:3)
  2 gnolls
  9 adders
  A shadow imp (D:7)
  A white imp (D:7)
  2 ufetubi
  3 worms
  3 dart slugs
  34 orcs
  7 ball pythons
  8 endoplasms
  A giant cockroach (D:3)
  11 hobgoblins
  2 jackals (D:5)
  5 kobolds
  3 quokkas
  A bat (D:3)
  3 frilled lizards
  9 goblins
  7 rats
171 creatures vanquished.

Vanquished Creatures (others)
  4 fulminant prisms (D:9)
  3 fungi (D:3)
  A plant (D:3)
8 creatures vanquished.

Grand Total: 179 creatures vanquished

Notes
Turn   | Place    | Note
-------+----------+-------------------------------------------
     0 | D:1      | 112233 the Octopode Conjurer began the quest for the Orb.
     0 | D:1      | Reached XP level 1. HP: 11/11 MP: 3/3
    34 | D:1      | Found Wyekal's Distillery.
   450 | D:1      | Reached XP level 2. HP: 13/17 MP: 0/5
  1109 | D:2      | Reached XP level 3. HP: 21/21 MP: 3/6
  1112 | D:2      | Learned a level 2 spell: Searing Ray
  1182 | D:2      | Found Plog's Magic Scroll Boutique.
  1470 | D:2      | Identified the ring "Buah" {Fly rC+ Dex-5 Slay+4}
  2044 | D:3      | Reached XP level 4. HP: 27/27 MP: 0/8
  2172 | D:3      | Reached skill level 5 in Conjurations
  2342 | D:3      | Found a runed translucent gate.
  2342 | D:3      | Found a runed translucent gate.
  2342 | D:3      | Found a runed translucent gate.
  2354 | D:3      | Noticed a kobold brigand
  2358 | D:3      | Noticed IndexError's ghost (novice GnRe)
  2362 | D:3      | Noticed Grinder
  2365 | D:3      | Learned a level 1 spell: Apportation
  2392 | D:3      | Reached XP level 5. HP: 31/31 MP: 2/10
  2503 | D:3      | Noticed a kobold brigand
  3240 | D:4      | Noticed a phantom
  3244 | D:4      | Killed a phantom
  3245 | D:4      | Reached XP level 6. HP: 36/36 MP: 5/12
  3490 | D:3      | Found a shimmering altar of Xom.
  3492 | D:3      | Found a faded altar of an unknown god.
  3547 | D:4      | Reached skill level 6 in Conjurations
  3548 | D:4      | You fall into a shaft and drop 1 floor!
  3548 | D:5      | Entered Level 5 of the Dungeon
  3713 | D:5      | Found a shimmering blue altar of Sif Muna.
  3991 | D:5      | Found Plog's Magic Scroll Emporium.
  4395 | D:5      | Learned a level 4 spell: Fulminant Prism
  4400 | D:5      | Learned a level 4 spell: Iskenderun's Mystic Blast
  4418 | D:4      | Found a burning altar of Makhleb.
  4433 | D:4      | Noticed Natasha
  4437 | D:4      | Killed Natasha
  4438 | D:4      | Reached skill level 1 in Fighting
  4554 | D:4      | Reached XP level 7. HP: 43/43 MP: 3/14
  4670 | D:4      | Noticed Natasha
  4676 | D:4      | Killed Natasha
  4721 | D:4      | Noticed Natasha
  4727 | D:4      | Killed Natasha
  4840 | D:4      | Noticed Eustachio
  4857 | D:4      | Killed Eustachio
  4858 | D:4      | Reached skill level 5 in Spellcasting
  5162 | D:4      | Found a runed translucent door.
  5163 | D:4      | Noticed Crazy Yiuf
  5316 | D:5      | Found an iron altar of Okawaru.
  5771 | D:6      | Found a staircase to the Ecumenical Temple.
  5787 | Temple   | Entered the Ecumenical Temple
  5852 | Temple   | Became a worshipper of Gozag Ym Sagoz the Greedy
  5964 | D:6      | Reached XP level 8. HP: 51/51 MP: 5/15
  6654 | D:7      | Found Kemmor Athi's Antique Armour Shop.
  6829 | D:7      | Reached skill level 7 in Conjurations
  6866 | D:7      | Found a sacrificial altar of Ru.
  6941 | D:7      | Learned a level 5 spell: Irradiate
  7014 | D:7      | Found a glowing silver altar of Zin.
  7307 | D:3      | Killed Grinder
  7613 | D:3      | Noticed Robin
  7620 | D:3      | Killed Robin
  7713 | D:3      | Found a faded altar of an unknown god.
  8113 | D:3      | Found a hazy altar of Hepliaklqana.
  8113 | D:3      | Found a faded altar of an unknown god.
  8490 | D:2      | Bought a scroll of teleportation for 42 gold pieces
  8490 | D:2      | Bought a scroll of magic mapping for 105 gold pieces
  8490 | D:2      | Bought a scroll of identify for 28 gold pieces
  8490 | D:2      | Bought a scroll of teleportation for 42 gold pieces
  8490 | D:2      | Bought a scroll of fog for 56 gold pieces
  8490 | D:2      | Bought a scroll of identify for 28 gold pieces
  8510 | D:1      | Bought a potion of heal wounds for 50 gold pieces
  8510 | D:1      | Bought a potion of degeneration for 10 gold pieces
  8510 | D:1      | Bought a potion of curing for 30 gold pieces
  8510 | D:1      | Bought a potion of brilliance for 40 gold pieces
  8510 | D:1      | Bought a potion of might for 40 gold pieces
  8725 | D:7      | Found an ancient bone altar of Kikubaaqudgha.
  8870 | D:7      | Reached XP level 9. HP: 59/59 MP: 11/18
  8932 | D:7      | Reached skill level 5 in Dodging
  9676 | D:8      | Found an ancient bone altar of Kikubaaqudgha.
  9739 | D:8      | Reached skill level 8 in Conjurations
  9891 | D:9      | Reached skill level 5 in Fighting
 10782 | D:9      | Found a basalt altar of Yredelemnul.
 10954 | D:9      | Noticed a hornet
 10955 | D:9      | Noticed an orange demon
 10957 | D:9      | Paralysed by a hornet for 3 turns
 10957 | D:9      | Noticed Amaemon
 10992 | D:10     | Entered Level 10 of the Dungeon
 11236 | D:10     | Found a staircase to the Lair.
 11238 | D:10     | Noticed a death yak
 11239 | D:10     | Noticed a death yak
 11239 | D:10     | Noticed a death yak
 11422 | D:10     | Reached XP level 10. HP: 55/68 MP: 18/20
 11498 | D:10     | Killed a death yak
 11499 | D:10     | Reached skill level 9 in Conjurations
 12045 | D:10     | Found a white marble altar of Elyvilon.
 12130 | D:9      | Mangled by Amaemon

Illustrated notes

Levels and vault maps discovered:
D:1:      onia_arrival_pyramid, layout_basic, serial_shops, nicolae_square_shop
D:2:      cheibrodos_pilgrimage, layout_basic, serial_shops, shop
D:3:      layout_basic, nicolae_overflow_ecumenical_swirl,
          beargit_hepliaklqana_dungeon_heroes, ebering_ecumenical_altar_rust,
          gammafunk_ghost_nasty_kobolds, corexii_item_surrounded_by_moat,
          minmay_statues_item, kennysheep_generic_room_13, uniq_grinder,
          uniq_robin
D:4:      layout_rooms, bloody_makhleb, uniq_natasha, uniq_crazy_yiuf_cottage,
          uniq_eustachio
D:5:      layout_basic, old_standard_altar, okawaru_altar_gauntlet_db,
          serial_shops, nicolae_stop_n_shop_2
D:6:      layout_cave_pools, minmay_temple_entry_tees, nicolae_titane
D:7:      layout_rooms, lemuel_coloured_pillars_altar,
          nicolae_overflow_crystal_walls, hangedman_ru_absence, serial_shops,
          shop
D:8:      layout_basic, kennysheep_small_circle
D:9:      layout_loops_cross, nicolae_yredelemnul_corpse_copse, uniq_amaemon,
          uniq_pikel
D:10:     layout_basic, kennysheep_little_box, dpeg_lair_monsters, orc_0_dummy
D:11:     minmay_the_grid_triangle_9x9_recursive_2_mashed
          [minmay_the_grid_triangle_9x9_prize_special,
          minmay_the_grid_triangle_9x9_limited_checkers,
          minmay_the_grid_triangle_9x9_skeleton,
          minmay_the_grid_triangle_9x9_zippers_vertical], layout_loops_ring
Temple:   nicolae_temple_slightly_damp_pantheon

Skill      XL: |  1  2  3  4  5  6  7  8  9 10 |
---------------+-------------------------------+-----
Spellcasting   | 3 4 5 6 7 |  7.7
Conjurations   | 5 6 7 8 9 |  9.2
Fighting       | 1 2 4 5 6 |  6.2
Dodging        | 3 4 6 |  6.6
Stealth        | |  2.8

Action                     |  1- 3 |  4- 6 |  7- 9 | 10-12 || total
---------------------------+-------+-------+-------+-------++-------
  Melee: Unarmed           |     5 |     3 |       |       ||     8
         Constrict         |     1 |     3 |     3 |       ||     7
         Tentacles         |     1 |     3 |     4 |     2 ||    10
         Long sword        |       |     6 |     6 |       ||    12
         Punch             |       |       |     1 |       ||     1
         Great sword       |       |       |    13 |     2 ||    15
   Cast: Magic Dart        |    56 |    70 |   162 |     3 ||   291
         Searing Ray       |     2 |    21 |    57 |     8 ||    88
         Fulminant Prism   |       |       |     1 |     3 ||     4
         Iskenderun's Myst |       |       |       |     8 ||     8
 Invoke: Potion Petition   |       |       |       |     1 ||     1
  Evoke: Wand              |       |       |       |     1 ||     1
    Use: Scroll            |       |       |    11 |       ||    11
         Potion            |       |       |       |     3 ||     3
   Stab: Sleeping          |       |       |     1 |       ||     1
 Armour: Skin              |       |     1 |     5 |       ||     6
  Dodge: Dodged            |     2 |    36 |    85 |    15 ||   138
  Block: Other             |       |       |    11 |     2 ||    13

Table legend: (Time is in decaauts)
 A = Elapsed time spent in this place.
 B = Non-inter-level travel time spent in this place.
 C = Inter-level travel time spent in this place.
 D = Time resting spent in this place.
 E = Time spent auto-exploring this place.
 F = Levels seen in this place.
 G = Mean time per level.
                   A        B        C        D        E       F      G
               +--------+--------+--------+--------+--------+-----+--------+
         Total |  12157 |  11396 |    761 |   2611 |   7472 |  12 | 1013.1 |
       Dungeon |  12081 |  11347 |    734 |   2611 |   7430 |  11 | 1098.3 |
        Temple |     75 |     48 |     27 |      0 |     42 |   1 |   75.0 |
               +--------+--------+--------+--------+--------+-----+--------+

Top non-repeatable levels by time:
     D:3: 2233 daAuts
     D:5: 1452 daAuts
     D:2: 1219 daAuts
     D:4: 1197 daAuts
     D:9: 1181 daAuts
    D:10: 1085 daAuts
     D:6: 1074 daAuts
     D:1: 1023 daAuts
     D:8: 825 daAuts
     D:7: 787 daAuts
  Temple: 75 daAuts
    D:11: 1 daAuts
